PAA
YAKIMA HOPS @ MINNESOTA LOONS
09/18/2038
 
TOP OF THE 1ST
Yakima Hops batting - Pitching for Minnesota Loons : LHP Maik van Osch
Pitching: LHP Maik van Osch
Batting: RHB Tom Taylor 0-0: Called Strike
0-1: Called Strike
0-2: Ball
1-2: Ball
2-2: Strikes out swinging
Batting: RHB Tokaji Heida 0-0: Ball
1-0: Ball
2-0: Called Strike
2-1: Foul Ball, location: 2F
2-2: Foul Ball, location: 2F
2-2: Ball
3-2: Strikes out swinging
Batting: LHB Flint Myers 0-0: Ball
1-0: Called Strike
1-1: Ball
2-1: Fly out, F8 (Flyball, 8RD, EV 102.5 MPH)
Top of the 1st over - 0 runs, 0 hits, 0 errors, 0 left on base; Yakima 0 - Minnesota 0
BOTTOM OF THE 1ST
Minnesota Loons batting - Pitching for Yakima Hops : RHP António León
Pitching: RHP António León
Batting: SHB Milojica Kordic 0-0: Foul Ball, location: 2F
0-1: Ball
1-1: Ground out 6-3 (Groundball, 6, EV 84.4 MPH)
Batting: RHB Brad Hargrove 0-0: Ball
1-0: Called Strike
1-1: Called Strike
1-2: Ball
2-2: SINGLE (Groundball, 6MD, EV 101.2 MPH)
Batting: LHB Cameron Woolever 0-0: Called Strike
Brad Hargrove steals 2nd base (no throw)
0-1: Swinging Strike
0-2: Ground out 6-3 (Groundball, 6, EV 87.5 MPH)
Brad Hargrove to third
Batting: RHB Igme Samson 0-0: Ball
1-0: SINGLE (Flyball, 56D, EV 82.5 MPH) - OUT at second base trying to stretch hit.
Brad Hargrove scores
Bottom of the 1st over - 1 run, 2 hits, 0 errors, 0 left on base; Yakima 0 - Minnesota 1
TOP OF THE 2ND
Yakima Hops batting - Pitching for Minnesota Loons : LHP Maik van Osch
Batting: RHB Ezra Booth 0-0: Ball
1-0: Called Strike
1-1: Ball
2-1: Called Strike
2-2: Fly out, F8 (Flyball, 8RXD, EV 95.0 MPH)
Batting: SHB Rafael Bregonzi 0-0: Called Strike
0-1: Ball
1-1: Ball
2-1: Swinging Strike
2-2: Foul Ball, location: 2F
2-2: Fly out, F8 (Line Drive, 8LD, EV 98.8 MPH)
Batting: RHB José Hernández 0-0: SOLO HOME RUN (Flyball, 7D, EV 94.4 MPH), Distance : 349 ft
Batting: LHB Jesús Leoz 0-0: Ball
1-0: Swinging Strike
1-1: Swinging Strike
1-2: Foul Ball, location: 2F
1-2: Strikes out looking
Top of the 2nd over - 1 run, 1 hit, 0 errors, 0 left on base; Yakima 1 - Minnesota 1
BOTTOM OF THE 2ND
Minnesota Loons batting - Pitching for Yakima Hops : RHP António León
Batting: RHB David Stone 0-0: Called Strike
0-1: Ball
1-1: Called Strike
1-2: Ground out 5-3 (Groundball, 56, EV 102.5 MPH)
Batting: RHB Yoshiki Ito 0-0: Called Strike
0-1: Ball
1-1: Ground out 5-3 (Groundball, 56, EV 110.0 MPH)
Batting: RHB Javier Vázquez 0-0: Foul Ball, location: 2F
0-1: Called Strike
0-2: Ground out 6-3 (Groundball, 56, EV 103.8 MPH)
Bottom of the 2nd over - 0 runs, 0 hits, 0 errors, 0 left on base; Yakima 1 - Minnesota 1
TOP OF THE 3RD
Yakima Hops batting - Pitching for Minnesota Loons : LHP Maik van Osch
Batting: SHB Pedro Montoya 0-0: SINGLE (Groundball, 6MD, EV 101.2 MPH)
Batting: LHB Tony Rincón 0-0: Ball
1-0: Called Strike
1-1: Foul Ball, location: 2F
1-2: Strikes out swinging
Batting: RHB Tom Taylor 0-0: SINGLE (Flyball, 8RS, EV 93.1 MPH)
Pedro Montoya to second
Batting: RHB Tokaji Heida 0-0: Foul Ball, location: 2F
0-1: Ball
1-1: Foul Ball, location: 2F
1-2: Strikes out swinging
Batting: LHB Flint Myers 0-0: Swinging Strike
0-1: Fly out, F7 (Line Drive, 7D, EV 93.8 MPH)
Top of the 3rd over - 0 runs, 2 hits, 0 errors, 2 left on base; Yakima 1 - Minnesota 1
BOTTOM OF THE 3RD
Minnesota Loons batting - Pitching for Yakima Hops : RHP António León
Batting: RHB Sehinsah Al-Fanari 0-0: Foul Ball, location: 2F
0-1: Foul Ball, location: 2F
0-2: Fly out, F7 (Flyball, 7LS, EV 88.1 MPH)
Batting: RHB William Morgan 0-0: Called Strike
0-1: Foul Ball, location: 2F
0-2: Fly out, F9 (Flyball, 9S, EV 73.1 MPH)
Batting: SHB Milojica Kordic 0-0: Ball
1-0: Called Strike
1-1: Ball
2-1: Ball
3-1: Foul Ball, location: 2F
3-2: Foul Ball, location: 2F
3-2: Foul Ball, location: 2F
3-2: Foul Ball, location: 2F
3-2: Foul Ball, location: 2F
3-2: Base on Balls
Batting: RHB Brad Hargrove 0-0: Ball
Milojica Kordic steals 2nd base
1-0: Fly out, F8 (Flyball, 8LD, EV 96.2 MPH)
Bottom of the 3rd over - 0 runs, 0 hits, 0 errors, 1 left on base; Yakima 1 - Minnesota 1
TOP OF THE 4TH
Yakima Hops batting - Pitching for Minnesota Loons : LHP Maik van Osch
Batting: RHB Ezra Booth 0-0: Called Strike
0-1: Called Strike
0-2: Ball
1-2: Strikes out looking
Batting: SHB Rafael Bregonzi 0-0: Swinging Strike
0-1: Ball
1-1: SOLO HOME RUN (Flyball, 7LD, EV 88.1 MPH), Distance : 345 ft
Batting: RHB José Hernández 0-0: Ball
1-0: Swinging Strike
1-1: SOLO HOME RUN (Line Drive, 78XD, EV 104.4 MPH), Distance : 401 ft
Batting: LHB Jesús Leoz 0-0: Ball
1-0: Called Strike
1-1: Ball
2-1: Ground out 1-3 (Groundball, 13, EV 66.2 MPH)
Batting: SHB Pedro Montoya 0-0: Ball
1-0: Called Strike
1-1: Ball
2-1: Called Strike
2-2: Ground out 6-3 (Groundball, 4M, EV 106.9 MPH)
Top of the 4th over - 2 runs, 2 hits, 0 errors, 0 left on base; Yakima 3 - Minnesota 1
BOTTOM OF THE 4TH
Minnesota Loons batting - Pitching for Yakima Hops : RHP António León
Batting: LHB Cameron Woolever 0-0: Foul Ball, location: 2F
0-1: Fly out, F9 (Flyball, 9LM, EV 105.6 MPH)
Batting: RHB Igme Samson 0-0: Ball
1-0: Ball
2-0: Ball
3-0: Base on Balls
Batting: RHB David Stone 0-0: Called Strike
0-1: Foul Ball, location: 2F
0-2: Foul Ball, location: 2F
0-2: Foul Ball, location: 2F
0-2: Ball
1-2: Foul Ball, location: 2F
1-2: Foul Ball, location: 2F
1-2: Foul Ball, location: 2F
1-2: Ball
2-2: Ball
3-2: 2-RUN HOME RUN (Flyball, 7D, EV 111.9 MPH), Distance : 366 ft
Batting: RHB Yoshiki Ito 0-0: Ball
1-0: Swinging Strike
1-1: Foul Ball, location: 2F
1-2: Foul Ball, location: 2F
1-2: Ball
2-2: Ground out 6-3 (Groundball, 6M, EV 88.8 MPH)
Batting: RHB Javier Vázquez 0-0: Called Strike
0-1: Ball
1-1: Ground out 5-3 (Groundball, 56, EV 88.1 MPH)
Bottom of the 4th over - 2 runs, 1 hit, 0 errors, 0 left on base; Yakima 3 - Minnesota 3
TOP OF THE 5TH
Yakima Hops batting - Pitching for Minnesota Loons : LHP Maik van Osch
Batting: LHB Tony Rincón 0-0: Foul Ball, location: 2F
0-1: Ball
1-1: Fly out, F8 (Flyball, 8RXD, EV 85.6 MPH)
Batting: RHB Tom Taylor 0-0: Ball
1-0: Foul Ball, location: 2F
1-1: SINGLE (Groundball, 6MD, EV 106.9 MPH)
Batting: RHB Tokaji Heida 0-0: Ball
1-0: Fly out, F8 (Flyball, 89XD, EV 96.9 MPH)
Batting: LHB Flint Myers 0-0: Ball
1-0: Fly out, F6 (Popup, 6, EV 80.0 MPH)
Top of the 5th over - 0 runs, 1 hit, 0 errors, 1 left on base; Yakima 3 - Minnesota 3
BOTTOM OF THE 5TH
Minnesota Loons batting - Pitching for Yakima Hops : RHP António León
Batting: RHB Sehinsah Al-Fanari 0-0: Swinging Strike
0-1: Ball
1-1: Swinging Strike
1-2: Foul Ball, location: 2F
1-2: Strikes out swinging
Batting: RHB William Morgan 0-0: Called Strike
0-1: Foul Ball, location: 2F
0-2: Ball
1-2: SINGLE (Flyball, 8LS, EV 86.9 MPH)
Batting: SHB Milojica Kordic 0-0: Ball
1-0: Ball
2-0: Called Strike
2-1: Foul Ball, location: 2F
2-2: Ball
3-2: Foul Ball, location: 2F
3-2: Ground out 4-3 (Groundball, 4, EV 98.1 MPH)
William Morgan to second
Batting: RHB Brad Hargrove 0-0: Ground out 1-3 (Groundball, 13, EV 71.2 MPH)
Bottom of the 5th over - 0 runs, 1 hit, 0 errors, 1 left on base; Yakima 3 - Minnesota 3
TOP OF THE 6TH
Yakima Hops batting - Pitching for Minnesota Loons : LHP Maik van Osch
Batting: RHB Ezra Booth 0-0: Ball
1-0: Ball
2-0: Ball
3-0: Called Strike
3-1: Base on Balls
Batting: SHB Rafael Bregonzi 0-0: Ball
1-0: Foul Ball, location: 2F
1-1: Ball
2-1: Fly out, F7 (Line Drive, 7S, EV 94.4 MPH)
Batting: RHB José Hernández 0-0: Ball
1-0: Foul Ball, location: 2F
1-1: Swinging Strike
1-2: Ball
2-2: Ball
3-2: Base on Balls
Ezra Booth to second
Batting: LHB Jesús Leoz 0-0: Called Strike
0-1: Ball
1-1: Grounds into double play, 4-6-3 (Groundball, 4, EV 90.6 MPH)
Top of the 6th over - 0 runs, 0 hits, 0 errors, 1 left on base; Yakima 3 - Minnesota 3
BOTTOM OF THE 6TH
Minnesota Loons batting - Pitching for Yakima Hops : RHP António León
Batting: LHB Cameron Woolever 0-0: Ball
1-0: Swinging Strike
1-1: Foul Ball, location: 2F
1-2: SINGLE (Groundball, 4, EV 103.1 MPH) (infield hit)
Batting: RHB Igme Samson 0-0: Ball
1-0: Ball
Cameron Woolever is caught stealing 2nd base 2-4
2-0: Foul Ball, location: 2F
2-1: DOUBLE (Line Drive, 7LS, EV 106.2 MPH)
Pitching: RHP Aurelio Ortíz
Batting: RHB David Stone 0-0: Ball
1-0: Called Strike
1-1: Foul Ball, location: 2F
1-2: Ball
2-2: Hit by Pitch
Batting: RHB Yoshiki Ito 0-0: Called Strike
0-1: Ball
1-1: Foul Ball, location: 2F
1-2: Ball
2-2: Strikes out looking
Batting: RHB Javier Vázquez 0-0: Ball
1-0: Foul Ball, location: 2F
1-1: Swinging Strike
1-2: Strikes out swinging
Bottom of the 6th over - 0 runs, 2 hits, 0 errors, 2 left on base; Yakima 3 - Minnesota 3
TOP OF THE 7TH
Yakima Hops batting - Pitching for Minnesota Loons : LHP Maik van Osch
Batting: SHB Pedro Montoya 0-0: SINGLE (Groundball, 56D, EV 96.9 MPH)
Batting: LHB Tony Rincón 0-0: Called Strike
0-1: Ball
1-1: Foul Ball, location: 2F
1-2: Strikes out swinging
Pitching: RHP Tekoa Kinsinger
Batting: RHB Tom Taylor 0-0: Called Strike
0-1: Foul Ball, location: 2F
0-2: Foul Ball, location: 2F
0-2: Foul Ball, location: 2F
0-2: Ball
1-2: Foul Ball, location: 2F
1-2: Strikes out swinging
Batting: RHB Tokaji Heida 0-0: Called Strike
0-1: Foul Ball, location: 2F
0-2: Ball
1-2: Ball
2-2: Ball
3-2: Foul Ball, location: 2F
3-2: Foul Ball, location: 2F
3-2: Strikes out swinging
Top of the 7th over - 0 runs, 1 hit, 0 errors, 1 left on base; Yakima 3 - Minnesota 3
BOTTOM OF THE 7TH
Minnesota Loons batting - Pitching for Yakima Hops : RHP Aurelio Ortíz
Batting: RHB Sehinsah Al-Fanari 0-0: Called Strike
0-1: Swinging Strike
0-2: Ball
1-2: Strikes out swinging
Batting: RHB William Morgan 0-0: Ball
1-0: Swinging Strike
1-1: Foul Ball, location: 2F
1-2: Ball
2-2: Ball
3-2: Strikes out swinging
Batting: SHB Milojica Kordic 0-0: Ball
1-0: Foul Ball, location: 2F
1-1: Ball
2-1: Ball
3-1: Base on Balls
Batting: RHB Brad Hargrove 0-0: Ball
Milojica Kordic steals 2nd base
1-0: Ball
2-0: Ball
3-0: Base on Balls
Batting: LHB Cameron Woolever 0-0: Ball
1-0: Fly out, F8 (Line Drive, 8RM, EV 91.9 MPH)
Bottom of the 7th over - 0 runs, 0 hits, 0 errors, 2 left on base; Yakima 3 - Minnesota 3
TOP OF THE 8TH
Yakima Hops batting - Pitching for Minnesota Loons : RHP Tekoa Kinsinger
Batting: LHB Flint Myers 0-0: Foul Ball, location: 2F
0-1: Called Strike
0-2: Foul Ball, location: 2F
0-2: Ball
1-2: Strikes out looking
Batting: RHB Ezra Booth 0-0: Ball
1-0: Called Strike
1-1: Swinging Strike
1-2: Ball
2-2: Foul Ball, location: 2F
2-2: Ball
3-2: Strikes out looking
Batting: SHB Rafael Bregonzi 0-0: Called Strike
0-1: Foul Ball, location: 2F
0-2: Ground out 4-3 (Groundball, 4, EV 105.0 MPH)
Top of the 8th over - 0 runs, 0 hits, 0 errors, 0 left on base; Yakima 3 - Minnesota 3
BOTTOM OF THE 8TH
Minnesota Loons batting - Pitching for Yakima Hops : RHP Aurelio Ortíz
Batting: RHB Igme Samson 0-0: Foul Ball, location: 2F
0-1: Ball
1-1: Fly out, F7 (Flyball, 7, EV 81.9 MPH)
Pitching: RHP Tim Gregory
Batting: RHB David Stone 0-0: Called Strike
0-1: Foul Ball, location: 2F
0-2: Ground out 4-3 (Groundball, 4, EV 86.2 MPH)
Batting: RHB Yoshiki Ito 0-0: Ball
1-0: Swinging Strike
1-1: Called Strike
1-2: Ball
2-2: Foul Ball, location: 2F
2-2: Ball
3-2: Fly out, F8 (Flyball, 8RXD, EV 107.5 MPH)
Bottom of the 8th over - 0 runs, 0 hits, 0 errors, 0 left on base; Yakima 3 - Minnesota 3
TOP OF THE 9TH
Yakima Hops batting - Pitching for Minnesota Loons : RHP Tekoa Kinsinger
Batting: RHB José Hernández 0-0: Called Strike
0-1: Ball
1-1: Foul Ball, location: 2F
1-2: Strikes out swinging
Batting: LHB Jesús Leoz 0-0: Ball
1-0: Called Strike
1-1: Swinging Strike
1-2: Ball
2-2: Foul Ball, location: 2F
2-2: Strikes out swinging
Batting: SHB Pedro Montoya 0-0: Swinging Strike
0-1: Ball
1-1: Swinging Strike
1-2: Ball
2-2: Ball
3-2: Strikes out swinging
Top of the 9th over - 0 runs, 0 hits, 0 errors, 0 left on base; Yakima 3 - Minnesota 3
BOTTOM OF THE 9TH
Minnesota Loons batting - Pitching for Yakima Hops : RHP Tim Gregory
Batting: RHB Javier Vázquez 0-0: Called Strike
0-1: Ball
1-1: Ball
2-1: Ground out 6-3 (Groundball, 6, EV 91.2 MPH)
Batting: RHB Sehinsah Al-Fanari 0-0: Called Strike
0-1: Ball
1-1: Ball
2-1: Foul Ball, location: 2F
2-2: Foul Ball, location: 2F
2-2: Foul Ball, location: 2F
2-2: DOUBLE (Line Drive, 7LM, EV 103.1 MPH)
Pinch Hitting: RHB Phil van Oosterom 0-0: Ball
1-0: Foul Ball, location: 2F
1-1: Swinging Strike
1-2: Foul Ball, location: 2F
1-2: Foul Ball, location: 2F
1-2: Ball
2-2: Ball
3-2: Strikes out swinging
Pitching: RHP Marcos Salinas
Batting: SHB Milojica Kordic 0-0: Ball
1-0: Foul Ball, location: 2F
1-1: DOUBLE (Groundball, 3L, EV 105.6 MPH)
Sehinsah Al-Fanari scores
Friday, April 17th, 2020 - OOTP Baseball 20.8 Build 74